 Dungeon Crawl Stone Soup version 0.16-a0-3300-g0332368 (webtiles) character file.

625 Kemay the Insei (level 7, -11/43 HPs)
             Began as an Octopode Transmuter on Dec 25, 2014.
             Mangled by an ice beast (13 damage)
             ... on level 5 of the Dungeon.
             The game lasted 00:15:51 (6977 turns).

Kemay the Insei (Octopode Transmuter)               Turns: 6977, Time: 00:15:51

Health: -11/43     AC:  1    Str: 10    XL:     7   Next: 47%
Magic:  12/12      EV: 15    Int: 16    God:
Gold:   238        SH:  0    Dex: 15    Spells: 1 memorised, 9 levels left

rFire  . . .     SeeInvis .       - Unarmed
rCold  . . .     Clarity  .     (no shield)
rNeg   . . .     SustAb   .     (helmet restricted)
rPois  .         Gourm    .     (no amulet)
rElec  .         Spirit   .     (no ring)
rCorr  .         Warding  .     (no ring)
rMut   .         Stasis   .     (no ring)
MR     .....                    (no ring)
Stlth  ++........               (no ring)
                                (no ring)
                                (no ring)
                                (no ring)

@: appendage, not resistant to hostile enchantments, unstealthy
A: almost no armour, amphibious, 8 rings, constrict 8, tentacle spike 3,
camouflage 1, agile 1, gelatinous body 1
a: End Transformation


You were on level 5 of the Dungeon.
You were not hungry.
One of your tentacles had a temporary spike.
You visited 2 branches of the dungeon, and saw 6 of its levels.

You collected 238 gold pieces.

Inventory:

Scrolls
 c - a scroll of enchant armour
 f - 2 scrolls of remove curse
 j - 3 scrolls of teleportation
Potions
 e - 7 potions of curing
 h - 2 potions of magic
 i - a potion of brilliance
 m - a potion of might {unknown}
 n - a potion of restore abilities {unknown}
Books
 d - a book of Changes

   Spells                             Type                      Level
   a - Beastly Appendage              Transmutation                1
   b - Sticks to Snakes               Transmutation                2
   c - Spider Form                    Transmutation/Poison         3
   d - Ice Form                       Ice/Transmutation            4
   e - Blade Hands                    Transmutation                5
 o - a book of Cantrips

   Spells                             Type                      Level
   a - Corona                         Hexes                        1
   b - Animate Skeleton               Necromancy                   1
   c - Summon Small Mammal            Summoning                    1
   d - Apportation                    Translocation                1
Comestibles
 a - 3 bread rations
 b - 3 fruits
 g - 2 meat rations
 k - a beef jerky
 l - a chunk of flesh


   Skills:
 - Level 1.0 Fighting
 + Level 5.5 Dodging
 + Level 6.5 Unarmed Combat
 - Level 2.0 Spellcasting
 - Level 2.0 Transmutations


You had 9 spell levels left.
You knew the following spells:

 Your Spells              Type           Power        Failure   Level  Hunger
a - Beastly Appendage     Trmt           #.....       10%         1    #......


Dungeon Overview and Level Annotations

Branches:
Dungeon (5/15)             Temple (1/1) D:5

Altars:
Ashenzari
Cheibriados
Dithmenos
Elyvilon
Gozag
Makhleb
Nemelex Xobeh
Okawaru
Qazlal
Ru
Sif Muna
Trog
Vehumet
Xom
Yredelemnul
Zin
The Shining One

Shops:
D:4 }

Annotations:
D:4 exclusion: ogre


Innate Abilities, Weirdness & Mutations

You cannot wear most types of armour.
You are amphibious.
You can wear up to eight rings at the same time.
You can use your tentacles to constrict many enemies at once.
Your skin changes colour to match your surroundings (Stealth).
Your rubbery body absorbs attacks (AC +1).
One of your tentacles bears a large vicious spike.
You are agile. (Dex +2)


Message History

You tentacle-slap the ice beast.
You pierce the ice beast, but do no damage.
Your squeeze misses the ice beast.
The ice beast is heavily wounded.
The ice beast hits you. The ice beast freezes you.
You closely miss the ice beast. You squeeze the ice beast.
The ice beast is heavily wounded.
The ice beast closely misses you.
You tentacle-slap the ice beast. Your squeeze misses the ice beast.
The ice beast is severely wounded.
The ice beast hits you.
* * * LOW HITPOINT WARNING * * *
The ice beast freezes you!
* * * LOW HITPOINT WARNING * * *
You tentacle-slap the ice beast but do no damage.
The ice beast is severely wounded.
The ice beast hits you.
* * * LOW HITPOINT WARNING * * *
The ice beast freezes you!
You die...

##.....<###..#
#..###...#
#......# #..#
##....# #......#
#... #..###
#...##..#
#..####.## ...##
#..##...#...#
....#
...........##
....#
....$.......#
....#
.##.........#####
....#
##....@.......#
.....
#....Y...####.
.... #........#
.... #...###....#
.... .... #....#
... .. #....# ..
.....# . .....#
#..


You could see an ice beast.

Vanquished Creatures
  The ghost of Kemay the Insei, an average OpMo (D:4)
  A giant frog (D:4)
  A centaur skeleton (D:4)
  A hound (D:4)
  5 worker ants
  Jessica (D:2)
  2 gnolls (D:1)
  7 adders
  4 worms
  3 giant geckos
  An ooze (D:2)
  3 orcs
  12 bats
  5 giant cockroaches
  7 goblins
  8 hobgoblins
  11 kobolds
  2 quokkas
  A ball python (D:1)
  7 giant newts
  A quokka skeleton (D:5)
  9 rats
93 creatures vanquished.

Notes
Turn   | Place    | Note
--------------------------------------------------------------
     0 | D:1      | Kemay, the Octopode Transmuter, began the quest for the Orb.
     0 | D:1      | Reached XP level 1. HP: 13/13 MP: 3/3
    43 | D:1      | Reached XP level 2. HP: 2/18 MP: 2/4
   824 | D:1      | Reached XP level 3. HP: 20/23 MP: 4/6
  1832 | D:2      | Reached skill level 4 in Unarmed Combat
  1832 | D:2      | Reached XP level 4. HP: 15/28 MP: 5/7
  2141 | D:2      | Noticed Jessica
  2149 | D:2      | Killed Jessica
  2319 | D:2      | Found a basalt altar of Yredelemnul.
  2328 | D:2      | Found a shimmering altar of Xom.
  2330 | D:2      | Found a shimmering altar of Xom.
  2332 | D:2      | Found a shimmering altar of Xom.
  2913 | D:3      | Reached XP level 5. HP: 24/33 MP: 9/9
  3038 | D:3      | Found a deep blue altar of Sif Muna.
  3679 | D:3      | Found a sparkling altar of Nemelex Xobeh.
  3679 | D:3      | Found a radiant altar of Vehumet.
  4223 | D:3      | Gained mutation: You are agile. (Dex +2) [potion of beneficial mutation]
  4741 | D:4      | Found Cyma's Gadget Boutique.
  4799 | D:4      | Noticed an ogre
  4872 | D:4      | Reached skill level 5 in Unarmed Combat
  5067 | D:4      | Noticed Kemay's ghost (average OpMo)
  5087 | D:4      | Killed Kemay's ghost
  5087 | D:4      | Reached XP level 6. HP: 8/38 MP: 10/10
  5378 | D:4      | Found a stormy altar of Qazlal.
  5942 | D:4      | Reached skill level 5 in Dodging
  5942 | D:4      | Reached skill level 6 in Unarmed Combat
  5942 | D:4      | Reached XP level 7. HP: 31/43 MP: 9/12
  6101 | D:4      | Found a glowing silver altar of Zin.
  6104 | D:4      | Found a white marble altar of Elyvilon.
  6123 | D:4      | Found a glowing golden altar of the Shining One.
  6127 | D:4      | Found a sacrificial altar of Ru.
  6202 | D:5      | Entered Level 5 of the Dungeon
  6335 | D:5      | Found a glowing golden altar of the Shining One.
  6720 | D:5      | Found a staircase to the Ecumenical Temple.
  6725 | Temple   | Entered the Ecumenical Temple
  6977 | D:5      | HP: 2/43 [ice beast (2)]
  6977 | D:5      | Mangled by an ice beast

Action                   |  1- 3 |  4- 6 |  7- 9 || total
-------------------------+-------+-------+-------++-------
Melee: Unarmed           |    79 |   165 |    44 ||   288
 Cast: Beastly Appendage |     9 |    11 |     8 ||    28
 Abil: End Transformatio |     2 |     1 |     4 ||     7
  Use: Scroll            |     3 |     8 |       ||    11
       Potion            |       |     3 |       ||     3
 Stab: Sleeping          |     1 |     4 |     1 ||     6
  Eat: Chunk             |     3 |    12 |     3 ||    18
       Fruit             |       |     1 |     1 ||     2
